 Dungeon Crawl Stone Soup version 0.30-a0-218-gedb9141078 (webtiles) character file.

Game seed: 579064955010091451

42 Jayfuror the Trooper (level 3, 0/40 HPs)
             Began as an Ogre Berserker on Oct 6, 2022.
             Was a Follower of Trog.
             Slain by a gnoll
             ... wielding a +0 spear
              (7 damage)
             ... on level 2 of the Dungeon.
             The game lasted 00:12:57 (808 turns).

Jayfuror the Trooper (Ogre Berserker)                Turns: 808, Time: 00:12:58

Health: 0/40       AC:  3    Str: 23    XL:     3   Next: 54%
Magic:  3/3        EV: 10    Int:  8    God:    Trog [*.....]
Gold:   419        SH:  0    Dex: 14    Spells: 2/2 levels left

rFire   . . .      SeeInvis .    d - +0 lajatang (elec)
rCold   . . .      Faith    .    (shield currently unavailable)
rNeg    . . .      Spirit   .    b - +0 animal skin
rPois   .          Reflect  .    (helmet restricted)
rElec   .          Harm     .    (no cloak)
rCorr   .          Rampage  .    (gloves unavailable)
Will    .....                    (boots unavailable)
Stlth   +.........               h - amulet of regeneration
HPRegen 1.06/turn                i - +6 ring of dexterity
MPRegen 0.08/turn                (no ring)

@: brilliant
A: large, unfitting armour, tough skin 1
a: Renounce Religion, Berserk


You were on level 2 of the Dungeon.
You worshipped Trog.
Trog was aware of your devotion.
You visited 1 branch of the dungeon, and saw 2 of its levels.

You collected 1079 gold pieces.
You spent 660 gold pieces at shops.

Inventory:

Hand Weapons
 a - a +0 hand axe
 d - a +0 lajatang of electrocution (weapon)
 f - a +0 club
Armour
 b - a +0 animal skin (worn)
 g - a +0 ring mail
Jewellery
 h - an amulet of regeneration (around neck)
 i - a +6 ring of dexterity (left hand)
Potions
 j - a potion of brilliance (quivered)


   Skills:
 + Level 4.4 Fighting
 + Level 3.5 Axes
 + Level 1.0 Staves
 + Level 3.1 Dodging


You had 2 spell levels left.
You didn't know any spells.
Your spell library was empty.

Dungeon Overview and Level Annotations

Branches:
Dungeon (2/15)

Altars:

Shops:
D:2 =


Innate Abilities, Weirdness & Mutations

You are too large for most types of armour.
You have tough skin. (AC +1)


Message History

A gnoll comes into view. It is wielding a +0 flail.
Your Staves skill increases to level 1!
The gnoll hits you with a +0 spear.
You see here a +0 flail.
You barely miss the gnoll. The gnoll barely misses you.
The gnoll hits you with a +0 spear.
You closely miss the gnoll. The gnoll hits you with a +0 spear.
You slash the gnoll!
The gnoll is heavily wounded.
The gnoll hits you with a +0 spear.
You completely miss the gnoll.
The gnoll is heavily wounded.
The gnoll hits you with a +0 spear. The gnoll misses you.
The gnoll closely misses you. The gnoll hits you with a +0 spear.
You closely miss the gnoll.
The gnoll is heavily wounded.
The gnoll hits you with a +0 spear. The gnoll hits you with a +0 flail!
* * * LOW HITPOINT WARNING * * *
You are too injured to fight recklessly!
As you read the scroll labelled QUOWNU HAOPLU, it crumbles to dust.
The creatures around you are filled with an inner flame!
It was a scroll of immolation.
The gnoll hits you with a +0 flail.
* * * LOW HITPOINT WARNING * * *
The gnoll hits you but does no damage.
It was a potion of curing.
You feel better. The gnoll hits you with a +0 flail.
The gnoll hits you with a +0 spear.
* * * LOW HITPOINT WARNING * * *
The gnoll attacks as you move away! The gnoll barely misses you.
The gnoll completely misses you.
Things that are here:
a +0 club; a gnoll corpse The gnoll attacks as you move away!
The gnoll hits you with a +0 flail!
* * * LOW HITPOINT WARNING * * *
The gnoll attacks as you move away! The gnoll barely misses you.
It was a potion of brilliance.
You feel clever all of a sudden. The gnoll barely misses you.
You completely miss the gnoll. The gnoll barely misses you.
The gnoll hits you from afar with a +0 spear!
You die...

#+## #..# .# ...##
#.)# .# ....##
###)###.# .....##
##.##...#
......####.......#
..†...'......###.#
......####...# #g#
.....## ##..###.#
....## ##...g@#
...## ###.### #+##
#.# # #


You could see 2 gnolls.

Vanquished Creatures
  2 gnolls (D:2)
  A dart slug (D:2)
  3 ball pythons (D:2)
  4 endoplasms
  A giant cockroach (D:2)
  A goblin (D:1)
  2 jackals (D:2)
  3 quokkas
  2 bats (D:1)
  2 bushes (D:1)
21 creatures vanquished.

Vanquished Creatures (others)
  2 plants (D:1)
2 creatures vanquished.

Grand Total: 23 creatures vanquished

Notes
Turn   | Place    | Note
-------+----------+-------------------------------------------
     0 | D:1      | Jayfuror the Ogre Berserker began the quest for the Orb.
     0 | D:1      | Reached XP level 1. HP: 24/24 MP: 1/1
   196 | D:1      | Identified 2 scrolls of acquirement
   196 | D:1      | Acquired 1056 gold pieces
   200 | D:1      | Acquired a +0 lajatang of electrocution
   455 | D:1      | Reached XP level 2. HP: 32/32 MP: 2/2
   637 | D:2      | Found Calom's Jewellery Shoppe.
   684 | D:2      | Bought an amulet of regeneration for 300 gold pieces
   684 | D:2      | Bought a +6 ring of dexterity for 360 gold pieces
   790 | D:2      | Reached XP level 3. HP: 40/40 MP: 3/3
   792 | D:2      | Reached skill level 1 in Staves
   808 | D:2      | Slain by a gnoll

Illustrated notes

Levels and vault maps discovered:
D:1:      giann_wishing_wells, layout_loops_corners, serial_forest,
          infiniplex_forest_end_3, infiniplex_forest_lined_corner,
          infiniplex_forest_lined_3, infiniplex_forest_clump_diagonal,
          infiniplex_forest_straight_2, infiniplex_forest_lined_room_,
          infiniplex_forest_straight_3, infiniplex_forest_clump_small,
          ebering_ecumenical_altar_petrified
D:2:      layout_loops_corners, serial_shops, shop

Skill      XL: |  1  2  3 |
---------------+----------+-----
Dodging        | 3 |  3.1
Staves         | 1 |  1.0
Fighting       | |  4.4
Axes           | |  3.5

Action                   || total
-------------------------++-------
Melee: Lajatang          ||    82
       Hand axe          ||    19
  Use: Scroll            ||     4
       Potion            ||     2
Armor: Animal skin       ||    19
Dodge: Dodged            ||    54

Table legend: (Time is in decaauts)
 A = Elapsed time spent in this place.
 B = Non-inter-level travel time spent in this place.
 C = Inter-level travel time spent in this place.
 D = Time resting spent in this place.
 E = Time spent auto-exploring this place.
 F = Levels seen in this place.
 G = Mean time per level.
                   A        B        C        D        E       F      G
               +--------+--------+--------+--------+--------+-----+--------+
         Total |    841 |    841 |      0 |      0 |      0 |   2 |  420.5 |
       Dungeon |    841 |    841 |      0 |      0 |      0 |   2 |  420.5 |
               +--------+--------+--------+--------+--------+-----+--------+

Top non-repeatable levels by time:
     D:1: 532 daAuts
     D:2: 309 daAuts
